 Dungeon Crawl Stone Soup version 0.32-a0-599-gba8f9cf90e (webtiles) character file.

Game seed: 11135814932457931867

7 runemasterragnar the Ruffian (level 1, -1/16 HPs)
             Began as a Draconian Shapeshifter on Mar 2, 2024.
             Succumbed to a goblin's poison
             ... on level 1 of the Dungeon.
             The game lasted 00:00:19 (138 turns).

runemasterragnar the Ruffian (DrSh)                  Turns: 138, Time: 00:00:20

Health: -1/16      AC:  4    Str: 16    XL:     1   Next: 91%
Magic:  1/1        EV: 12    Int: 10    God:
Gold:   2          SH:  0    Dex: 10    Spells: 0/0 levels left

rFire   . .          .
                       - Unarmed
rCold   . . .        (no shield)
rNeg    . . .        (body armour unavailable)
rPois   .            (helmet currently unavailable)
rElec   .            (cloak currently unavailable)
rCorr   .            (gloves currently unavailable)
SInv    .            (boots currently unavailable)
Will    .....        (no amulet)
Stlth   +            (no ring)
HPRegen 0.22/turn    (no ring)
MPRegen 0.07/turn

%: no passive effects
@: lethally poisoned (-1 -> -9), beast-form
A: beast (slay +1), AC +4, unfitting armour, cold-blooded
a: Begin Untransformation


You were on level 1 of the Dungeon.
You were a hulking beast.
You visited 1 branch of the dungeon, and saw 1 of its levels.

You collected 2 gold pieces.

Inventory:

Jewellery
 f - a +4 ring of protection
Talismans
 b - a beast talisman (active)
 c - a flux talisman
Scrolls
 d - a scroll of butterflies {unknown}
Potions
 a - a potion of lignification
 e - a potion of curing {unknown}


   Skills:
 + Level 1.3 Fighting
 + Level 1.9 Dodging
 + Level 0.3 Stealth
 * Level 3.1 Unarmed Combat
 * Level 3.1 Shapeshifting


You couldn't memorise any spells.
You didn't know any spells.
Your spell library was empty.

Dungeon Overview and Level Annotations

Branches:
Dungeon (1/15)

Altars:


Innate Abilities, Weirdness & Mutations

You are a hulking beast.
Your limbs bulge with bestial killing power. (Slay +1)
Your plain brown scales are hard. (AC +4)
You cannot fit into any form of body armour.
You are cold-blooded and may be slowed by cold attacks.


Message History

The kobold hits you but does no damage.
You closely miss the kobold. The kobold barely misses you.
You barely miss the kobold. The kobold hits you with a +0 club.
You completely miss the kobold. The kobold barely misses you.
You closely miss the kobold. The kobold barely misses you.
You closely miss the kobold. You tail-slap the kobold.
The kobold is moderately wounded.
The kobold hits you but does no damage.
You closely miss the kobold.
The kobold is moderately wounded.
The kobold hits you but does no damage.
You closely miss the kobold.
The kobold is moderately wounded.
The kobold hits you but does no damage.
You hit the kobold.
You kill the kobold!
Things that are here:
a +0 club; 2 stones; a kobold corpse
f - a +4 ring of protection A goblin comes into view.
It is wielding a +2 dagger of venom.
The goblin shouts!
A goblin is nearby!
A goblin is nearby!
The goblin hits you with a +2 dagger of venom.
You are poisoned.
You closely miss the goblin.
You feel sick. The goblin hits you but does no damage.
You are lethally poisoned!
A hobgoblin comes into view. It is wielding a +0 club.
The hobgoblin shouts!
You hit the goblin.
You kill the goblin!
You feel very sick.
You are too injured to fight recklessly!
Unknown command.
* * * LOW HITPOINT WARNING * * *
You feel very sick.
* * * LOW HITPOINT WARNING * * *
You feel very sick.
You die...

##.###### #....
#.......# #####
#.......# ..
#.......#######. ..
#............... ..
#........)...g..
#.......#######.
#.).....# #....h..#
#.......# ###.#####
#.# ###### ###.####
#..... #......# #.....
#......##########.....
#.....................
#......##########.....


There were no monsters in sight!

Vanquished Creatures
  A ball python (D:1)
  A bat (D:1)
  2 goblins (D:1)
  A hobgoblin (D:1)
  A kobold (D:1)
6 creatures vanquished.

Notes
Turn   | Place    | Note
-------+----------+-------------------------------------------
     0 | D:1      | runemasterragnar the Draconian Shapeshifter began the quest
                  | for the Orb.
     0 | D:1      | Reached XP level 1. HP: 16/16 MP: 1/1
   138 | D:1      | Succumbed to a goblin's poison

Illustrated notes

Levels and vault maps discovered:
D:1:      giann_wishing_wells, layout_rooms, minmay_misc_feat_plants

Action                     || total
---------------------------++-------
  Melee: Unarmed           ||    17
         Tailslap          ||     3
 Armour: Skin              ||    14
  Dodge: Dodged            ||     6

Table legend: (Time is in decaauts)
 A = Elapsed time spent in this place.
 B = Non-inter-level travel time spent in this place.
 C = Inter-level travel time spent in this place.
 D = Time resting spent in this place.
 E = Time spent auto-exploring this place.
 F = Levels seen in this place.
 G = Mean time per level.
                   A        B        C        D        E       F      G
               +--------+--------+--------+--------+--------+-----+--------+
         Total |    137 |    137 |      0 |      0 |     94 |   1 |  137.0 |
       Dungeon |    137 |    137 |      0 |      0 |     94 |   1 |  137.0 |
               +--------+--------+--------+--------+--------+-----+--------+

Top non-repeatable levels by time:
     D:1: 137 daAuts
